 Dungeon Sprint DCSS version 0.29.1-2-gbd0b4ee654 (webtiles) character file.

Game seed: 4762296327121480827

10381 Groucho the Imperceptible (level 11, -6/64 HPs)
             Began as a Felid Berserker on Nov 21, 2022.
             Was a High Priest of Trog.
             Mangled by a spark wasp (15 damage)
             ... in the Dungeon (Sprint IX: "|||||||||||||||||||||||||||||").
             The game lasted 00:10:17 (3822 turns).

Groucho the Imperceptible (Felid Berserker)         Turns: 3822, Time: 00:10:17

Health: -6/64      AC:  3    Str: 16    XL:     11   Next: 35%
Magic:  12/12      EV: 40    Int:  9    God:    Trog [*****.]
Gold:   1331       SH:  0    Dex: 23    Spells: 10/10 levels left
                                        Lives:  0   Deaths: 3

rFire   . . .      SeeInvis +     - Unarmed
rCold   + . .      Faith    .   (shield unavailable)
rNeg    . . .      Spirit   .   (body armour unavailable)
rPois   .          Reflect  .   (helmet unavailable)
rElec   .          Harm     .   (cloak unavailable)
rCorr   .          Rampage  .   (gloves unavailable)
Will    +....      NoTele   +   (boots unavailable)
Stlth   +++++++++.              (no amulet)
HPRegen 0.20/turn               h - +3 ring of strength
MPRegen 0.13/turn               i - +3 ring of dexterity

@: quick
A: very small, claws 1, fangs 3, see invisible, speed 1, shaggy fur 3, stealthy
paws, no weapons or thrown items, no armour, multi-lived
a: Renounce Religion, Berserk, Trog's Hand, Brothers in Arms


You were in the Dungeon.
You worshipped Trog.
Trog was extremely pleased with you.
You visited 1 branch You collected 1924 gold pieces.
You spent 593 gold pieces at shops.

Inventory:

Jewellery
 h - a +3 ring of strength (left paw)
 i - a +3 ring of dexterity (right paw)
 n - a ring of protection from cold
 o - a ring of poison resistance
 p - a ring of willpower
Wands
 g - a wand of iceblast (8)
Scrolls
 b - 2 scrolls of poison
 c - 4 scrolls of fog
 f - 4 scrolls of blinking
 j - 5 scrolls of identify
 l - a scroll of summoning
 m - a scroll of magic mapping
Potions
 a - a potion of berserk rage
 d - 4 potions of magic
 e - 7 potions of curing
 k - a potion of ambrosia {unknown}
 q - 2 potions of resistance
 r - a potion of attraction {unknown}
 s - a potion of might


   Skills:
 + Level 17.2 Fighting
 + Level 21.8 Dodging
 - Level 25.2 Stealth
 * Level 17.6 Unarmed Combat
 - Level 11.3 Evocations


You had 10 spell levels left.
You didn't know any spells.
Your spell library was empty.

Dungeon Overview and Level Annotations

Branches:
Dungeon (1/1)

Altars:
Cheibriados
Dithmenos
Elyvilon
Fedhas
Gozag
Hepliaklqana
Kikubaaqudgha
Makhleb
Nemelex Xobeh
Okawaru
Qazlal
Ru
Sif Muna
Trog
Uskayaw
Vehumet
Wu Jian
Xom
Yredelemnul
Zin
The Shining One
Jiyva
Lugonu

Shops:
D :*?[


Innate Abilities, Weirdness & Mutations

You have sharp claws.
You have razor-sharp teeth.
You have supernaturally acute eyesight. (SInv)
You cover ground quickly. (Speed+)
Your thick and shaggy fur keeps you warm. (AC +3, rC+)
Your paws help you pounce on unaware monsters.
You are incapable of wielding weapons or throwing items.
You cannot wear armour.
You gain extra lives every three experience levels.


Message History

You hear a shout!
You hear a shout!
You hear a shout!
You hear a shout!
You hear a shout!
You hear a shout!
You hear a shout!
You hear a shout!
You hear a shout!
You open the door.
A tengu warrior, 2 spriggans, 2 giants and a spark wasp come into view.
A fire giant is wielding a +0 great sword of flaming.
The tengu warrior is wielding a +0 long sword and wearing a +1 buckler of fire resistance.
A spriggan berserker is wielding a +2 antimagic hand axe.
The spark wasp buzzes angrily.
The stone giant shouts!
The spriggan berserker shouts!
The spriggan air mage shouts!
The spark wasp completely misses you.
You hear a horrible gurgling sound!
Unknown command.
Your troll goes berserk!
You hear a shout!
The spriggan berserker utters an invocation to Trog.
The death yak goes berserk!
The spark wasp completely misses you.
You hear a shout!
You swap places.
The spark wasp stings your troll!! The spark wasp shocks your troll!
The spriggan air mage waves its arms in wide circles.
The air twists around and strikes you!
Your troll bites the spark wasp!!
Your troll misses the spark wasp.
Your troll claws the spark wasp but does no damage.
The spark wasp stings your troll! The spark wasp shocks your troll!
Your troll dies!
Your troll's corpse disappears in a puff of smoke!
You hear a shout!
The spriggan air mage waves its arms in wide circles.
The air twists around and strikes you! The spark wasp barely misses you.
The death yak rages.
The spark wasp stings you!!
* * * LOW HITPOINT WARNING * * *
The spark wasp shocks you!
You die...

▓.▓.▓.▓.▓.▓)▓.▓)▓.▓.
▓.▓Q▓.▓S▓.▓)▓.▓)▓.▓'
▓.▓.▓.▓N▓.▓)▓.▓)▓.▓.
▓.▓i▓.▓.▓)▓)▓.▓)▓.▓.
▓.▓i▓.▓.▓)▓)▓.▓)▓.▓.
▓.▓Y▓.▓)▓)▓)▓.▓)▓.▓.
▓.▓C▓.▓N▓)▓)▓.▓)▓)▓†
▓.▓y▓.▓'▓)▓)▓.▓)▓.▓!
▓.▓@▓.▓.▓)▓.▓.▓)▓.▓[
▓.▓.▓.▓N▓.▓.▓.▓'▓.▓[
▓.▓.▓.▓.▓.▓=▓.▓.▓.▓.
▓.▓.▓.▓.▓.▓.▓.▓.▓.▓.
▓.▓.▓.▓.▓.▓.▓.▓.▓.▓.
▓.▓.▓.▓.▓.▓'▓.▓.▓.▓.
▓.▓.▓.▓.▓N▓.▓.▓.▓.▓.▓!
▓.▓)▓.▓.▓S▓.▓.▓.▓.▓.▓'
▓.▓.▓.▓.▓†▓.▓.▓.▓.▓.▓.


You could see a stone giant, a death yak (summoned, berserk), a spark wasp, a
tengu warrior, a spriggan berserker and a spriggan air mage (repels missiles).

Vanquished Creatures
  Frederick (D)
  Saint Roka (D)
  Xtahua (D)
  A very ugly thing (D)
  A stone giant (D)
  An ettin (D)
  Josephine (D)
  A boulder beetle (D)
  A hydra (D)
  A death yak (D)
  3 orc knights (D)
  A wizard (D)
  An ugly thing (D)
  A vault sentinel (D)
  4 black mambas (D)
  Joseph (D)
  A naga mage (D)
  A kobold demonologist (D)
  A cane toad (D)
  A komodo dragon (D)
  A troll (D)
  A polar bear (D)
  A slime creature (D)
  A blink frog (D)
  A shadow (D)
  2 vampires (D)
  3 wraiths (D)
  Grum (D)
  A vampire mosquito (D)
  An acid dragon (D)
  3 water moccasins (D)
  7 orc warriors (D)
  3 wolves (D)
  A gnoll sergeant (D)
  4 bullfrogs (D)
  A scorpion (D)
  A killer bee (D)
  An orc priest (D)
  5 orc wizards (D)
  4 adders (D)
  A dart slug (D)
  6 orcs (D)
  A giant cockroach (D)
  A goblin (D)
  A kobold (D)
  A ball python (D)
79 creatures vanquished.

Vanquished Creatures (collateral kills)
  A frost giant (D)
  A stone giant (D)
  A fire dragon (D)
  An ice dragon (D)
  A rakshasa (D)
  A boulder beetle (D)
  A centaur warrior (D)
  A tengu warrior (D)
  3 lindwurms (D)
  7 orc knights (D)
  A cyclops (D)
  A yaktaur (D)
  A komodo dragon (D)
  A tengu conjurer (D)
  3 tyrant leeches (D)
  A polar bear (D)
  A slime creature (D)
  A wyvern (D)
  7 orc warriors (D)
  2 orc priests (D)
  2 orc wizards (D)
  2 worms (D)
  3 orcs (D)
44 creatures vanquished.

Vanquished Creatures (others)
  An ogre mage (D)
1 creature vanquished.

Grand Total: 124 creatures vanquished

Notes
Turn   | Place    | Note
-------+----------+-------------------------------------------
     0 | D        | Groucho the Felid Berserker began the quest for the Orb.
     0 | D        | Reached XP level 1. HP: 10/10 MP: 2/2
     7 | D        | Reached skill level 3 in Stealth
     8 | D        | Reached skill level 4 in Stealth
    12 | D        | Reached ** piety under Trog
    16 | D        | Reached skill level 5 in Stealth
   306 | D        | Noticed a scorpion
   313 | D        | Reached skill level 7 in Stealth
   313 | D        | Reached XP level 2. HP: 14/14 MP: 3/3
   313 | D        | Reached *** piety under Trog
   314 | D        | Reached skill level 8 in Stealth
   315 | D        | Reached skill level 9 in Stealth
   315 | D        | Reached XP level 3. HP: 17/17 MP: 4/4
   318 | D        | Killed a scorpion
   319 | D        | Reached skill level 12 in Stealth
   319 | D        | Reached XP level 4. HP: 21/21 MP: 5/5
   573 | D        | Found a snail-covered altar of Cheibriados.
   573 | D        | Found a shadowy altar of Dithmenos.
   573 | D        | Found a white marble altar of Elyvilon.
   573 | D        | Found a blossoming altar of Fedhas.
   573 | D        | Found an opulent altar of Gozag.
   574 | D        | Found a hazy altar of Hepliaklqana.
   575 | D        | Found a viscous altar of Jiyva.
   576 | D        | Found an ancient bone altar of Kikubaaqudgha.
   577 | D        | Found a corrupted altar of Lugonu.
   578 | D        | Found a burning altar of Makhleb.
   579 | D        | Found a sparkling altar of Nemelex Xobeh.
   580 | D        | Found an iron altar of Okawaru.
   581 | D        | Found a stormy altar of Qazlal.
   582 | D        | Found a sacrificial altar of Ru.
   583 | D        | Found a shimmering blue altar of Sif Muna.
   584 | D        | Found a bloodstained altar of Trog.
   585 | D        | Found a hide-covered altar of Uskayaw.
   586 | D        | Found a radiant altar of Vehumet.
   587 | D        | Found an ornate altar of the Wu Jian Council.
   588 | D        | Found a shimmering altar of Xom.
   589 | D        | Found a basalt altar of Yredelemnul.
   590 | D        | Found a glowing silver altar of Zin.
   591 | D        | Found a glowing golden altar of the Shining One.
   599 | D        | Found the +10 morningstar "Eos" {elec, Halo rElec}
   621 | D        | Noticed a gnoll sergeant
   621 | D        | Noticed a troll
   621 | D        | Noticed an acid dragon
   621 | D        | Noticed a kobold demonologist
   621 | D        | Noticed a shadow
   623 | D        | Reached **** piety under Trog
   624 | D        | Reached skill level 5 in Dodging
   624 | D        | Reached XP level 5. HP: 25/25 MP: 6/6
   625 | D        | Killed a kobold demonologist
   626 | D        | Reached skill level 14 in Stealth
   626 | D        | Gained mutation: You are covered in thick fur. (AC +2)
                  | [Felid growth]
   626 | D        | Reached XP level 6. HP: 31/31 MP: 7/7
   627 | D        | Killed an acid dragon
   629 | D        | Killed a troll
   630 | D        | Reached skill level 15 in Stealth
   630 | D        | Reached XP level 7. HP: 36/36 MP: 8/8
   632 | D        | Reached skill level 10 in Dodging
   633 | D        | Noticed a cyan ugly thing
   633 | D        | Noticed a slime creature
   633 | D        | Noticed a boulder beetle
   633 | D        | Noticed a vampire mosquito
   633 | D        | Noticed a vampire
   633 | D        | Noticed a vampire
   635 | D        | Killed a vampire
   635 | D        | Reached ***** piety under Trog
   636 | D        | Reached skill level 16 in Stealth
   637 | D        | Killed a vampire
   638 | D        | Reached XP level 8. HP: 41/41 MP: 9/9
   641 | D        | Killed a boulder beetle
   642 | D        | Reached skill level 17 in Stealth
   643 | D        | Killed a slime creature
   644 | D        | Reached XP level 9. HP: 46/46 MP: 10/10
   645 | D        | Killed a cyan ugly thing
   646 | D        | Reached skill level 10 in Fighting
   646 | D        | Reached skill level 18 in Stealth
   646 | D        | Reached skill level 10 in Unarmed Combat
   943 | D        | Noticed a black mamba
   943 | D        | Noticed a six-headed hydra
   943 | D        | Noticed a cane toad
   943 | D        | Noticed a black mamba
   943 | D        | Noticed a komodo dragon
   945 | D        | Killed a komodo dragon
   945 | D        | Reached ****** piety under Trog
   946 | D        | Reached skill level 1 in Evocations
   947 | D        | Killed a black mamba
   949 | D        | Killed a cane toad
   961 | D        | Killed a six-headed hydra
   962 | D        | Reached skill level 19 in Stealth
   962 | D        | Reached XP level 10. HP: 37/52 MP: 11/11
   969 | D        | HP: 2/78 [poisoned by a black mamba]
   970 | D        | Succumbed to a black mamba's poison
   971 | D        | Reached XP level 9. HP: 0/48 MP: 10/10
  1274 | D        | Killed a black mamba
  1275 | D        | Reached skill level 5 in Evocations
  1582 | D        | Noticed a death yak
  1582 | D        | Noticed a komodo dragon
  1582 | D        | Noticed a polar bear
  1597 | D        | Noticed a polar bear
  1603 | D        | Killed a death yak
  1604 | D        | Reached skill level 15 in Dodging
  1615 | D        | Killed a polar bear
  1620 | D        | Killed a komodo dragon
  1621 | D        | Reached XP level 10. HP: 48/53 MP: 11/11
  1623 | D        | Reached skill level 20 in Stealth
  1641 | D        | Noticed a lindwurm
  1642 | D        | Noticed a lindwurm
  1649 | D        | Killed a lindwurm
  1650 | D        | Noticed a lindwurm
  1655 | D        | Killed a lindwurm
  1657 | D        | Killed a lindwurm
  1710 | D        | Noticed Grum
  1721 | D        | Killed Grum
  1788 | D        | Noticed Joseph
  1795 | D        | Killed Joseph
  1831 | D        | Noticed an orc knight
  1853 | D        | Killed an orc knight
  1854 | D        | Reached skill level 21 in Stealth
  1877 | D        | Noticed an orc knight
  1903 | D        | Killed an orc knight
  1904 | D        | Reached XP level 11. HP: 58/58 MP: 12/12
  1938 | D        | Noticed an orc knight
  1944 | D        | Killed an orc knight
  1953 | D        | Noticed a stone giant
  1979 | D        | Killed a stone giant
  1980 | D        | Reached skill level 10 in Evocations
  2094 | D        | Found Ycsaxt's Antique Armour Boutique.
  2094 | D        | Noticed an orc knight
  2094 | D        | Noticed an orc knight
  2094 | D        | Noticed an orc knight
  2095 | D        | Noticed an orc knight
  2096 | D        | Killed an orc knight
  2097 | D        | Found Amesompo's Magic Scroll Shop.
  2101 | D        | Noticed an orc knight
  2109 | D        | Killed an orc knight
  2114 | D        | Killed an orc knight
  2115 | D        | Reached skill level 22 in Stealth
  2115 | D        | Noticed an orc knight
  2125 | D        | Killed an orc knight
  2129 | D        | Killed an orc knight
  2131 | D        | Noticed an orc knight
  2145 | D        | Killed an orc knight
  2152 | D        | Killed an orc knight
  2357 | D        | Found Simyomec's Assorted Antiques.
  2361 | D        | Found Qusonife's Book Shop.
  2499 | D        | Bought a scroll of identify for 48 gold pieces
  2499 | D        | Bought a potion of curing for 72 gold pieces
  2499 | D        | Bought a scroll labelled CEH LUAMYFITE for 24 gold pieces
  2499 | D        | Bought a sapphire potion for 21 gold pieces
  2499 | D        | Bought a scroll of identify for 48 gold pieces
  2505 | D        | Bought a scroll of identify for 20 gold pieces
  2505 | D        | Bought a scroll of summoning for 95 gold pieces
  2505 | D        | Bought a scroll of magic mapping for 75 gold pieces
  2505 | D        | Bought a scroll of poison for 40 gold pieces
  2505 | D        | Bought a scroll of blinking for 75 gold pieces
  2505 | D        | Bought a scroll of blinking for 75 gold pieces
  2534 | D        | Noticed Josephine
  2543 | D        | Killed Josephine
  2660 | D        | Noticed an ogre mage
  2660 | D        | Noticed a wizard
  2660 | D        | Noticed a boulder beetle
  2660 | D        | Noticed a centaur warrior
  2667 | D        | Killed a wizard
  2667 | D        | Noticed a tengu warrior
  2678 | D        | Killed a centaur warrior
  2679 | D        | Gained mutation: Your thick and shaggy fur keeps you warm.
                  | (AC +3, rC+) [Felid growth]
  2679 | D        | Reached XP level 12. HP: 42/64 MP: 13/13
  2684 | D        | Reached skill level 23 in Stealth
  2685 | D        | Killed an ogre mage
  2686 | D        | Reached skill level 15 in Unarmed Combat
  2690 | D        | Reached skill level 15 in Fighting
  2691 | D        | Killed a tengu warrior
  2692 | D        | Noticed a rakshasa
  2694 | D        | Noticed a frost giant
  2696 | D        | Killed a rakshasa
  2697 | D        | Noticed a fire dragon
  2698 | D        | Killed a frost giant
  2700 | D        | Killed a boulder beetle
  2702 | D        | Noticed a stone giant
  2702 | D        | Noticed an ice dragon
  2705 | D        | Killed a fire dragon
  2707 | D        | Noticed an ettin
  2714 | D        | Killed a stone giant
  2715 | D        | Reached skill level 24 in Stealth
  3084 | D        | Killed an ice dragon
  3091 | D        | Killed an ettin
  3189 | D        | Noticed Saint Roka
  3199 | D        | Killed Saint Roka
  3356 | D        | Noticed a nagaraja
  3356 | D        | Noticed a naga warrior
  3356 | D        | Noticed an anaconda
  3386 | D        | Slain by a nagaraja
  3387 | D        | Reached XP level 11. HP: -3/94 MP: 12/12
  3389 | D        | Noticed Frederick
  3411 | D        | Killed Frederick
  3412 | D        | Reached skill level 25 in Stealth
  3412 | D        | Reached XP level 12. HP: 67/67 MP: 13/13
  3440 | D        | Noticed Xtahua
  3447 | D        | Killed Xtahua
  3700 | D        | Noticed a red very ugly thing
  3700 | D        | Noticed an ironbound thunderhulk
  3700 | D        | Noticed a vault warden
  3700 | D        | Noticed an ironbound preserver
  3700 | D        | Noticed an ironbound preserver
  3720 | D        | Killed a red very ugly thing
  3730 | D        | Slain by an ironbound thunderhulk
  3731 | D        | Reached XP level 11. HP: 0/64 MP: 12/12
  3817 | D        | Noticed a fire giant
  3817 | D        | Noticed a tengu warrior
  3817 | D        | Noticed a spriggan air mage
  3817 | D        | Noticed a spriggan berserker
  3817 | D        | Noticed a stone giant
  3817 | D        | Noticed a spark wasp
  3819 | D        | Noticed a death yak
  3822 | D        | Mangled by a spark wasp

Illustrated notes

Levels and vault maps discovered:
D:        linesprint [early_d, line_temple, items_1, d_10, items_2, lair_1,
          lair_end, items_3, orc_1, orc_end, items_4, d_15, swamp_1, shoals_1,
          snake_1, spider_1, d_20, vaults_1, items_5, swamp_end, shoals_end,
          snake_end, spider_end, vaults_end, d_27, items_6, zot_1, zot_end,
          crypt_end, forest_end, elf_end, slime_end, tomb_end, abyss_end,
          pan_hell_end]

Skill      XL: |  1  2  3  4  5  6  7  8  9 10 11 12 |
---------------+-------------------------------------+-----
Stealth        | 7 9 12 14 15 16 17 19 21 25 24 | 25.2
Dodging        | 5 8 9 10 12 15 16 18 21 | 21.8
Fighting       | 6 7 8 9 12 13 14 17 | 17.2
Unarmed Combat | 6 7 8 9 12 13 14 17 | 17.6
Evocations     | 6 9 11 | 11.3

Action                   |  1- 3 |  4- 6 |  7- 9 | 10-12 || total
-------------------------+-------+-------+-------+-------++-------
Melee: Unarmed           |    23 |     4 |    79 |   161 ||   267
       Bite              |     2 |       |    12 |    26 ||    40
       Punch             |       |       |     5 |    11 ||    16
Invok: Brothers in Arms  |       |       |     1 |    16 ||    17
       Trog's Hand       |       |       |     1 |    10 ||    11
       Berserk           |       |       |     1 |     5 ||     6
Evoke: Wand              |       |       |       |     2 ||     2
  Use: Potion            |     2 |     2 |     2 |     6 ||    12
       Scroll            |       |     1 |       |       ||     1
 Stab: Sleeping          |       |     4 |    10 |    15 ||    29
       Distracted        |       |       |       |     1 ||     1
Armor: Skin              |       |       |       |     2 ||     2
Dodge: Dodged            |    16 |     1 |    89 |   152 ||   258
